 Dungeon Crawl Stone Soup version 0.30-a0-748-ge6a52f7cba (webtiles) character file.

Game seed: 15383757741702481846

3292 sanka the Geomancer (level 10, -1/56 HPs)
             Began as a Gargoyle Earth Elementalist on Feb 8, 2023.
             Was a Priest of Vehumet.
             Killed themself with a badly aimed iceblast (3 damage)
             ... on level 8 of the Dungeon.
             The game lasted 00:13:49 (7378 turns).

sanka the Geomancer (Gargoyle Earth Elementalist)   Turns: 7378, Time: 00:13:49

Health: -1/56      AC: 21    Str: 16    XL:     10   Next: 1%
Magic:  0/13       EV: 12    Int: 19    God:    Vehumet [***...]
Gold:   343        SH:  0    Dex: 10    Spells: 8/14 levels left

rFire   + . .      SeeInvis .    K - +1 lajatang of Usoalokk {freeze, *Noise rN+ Str+3}
rCold   + . .      Faith    +    (shield currently unavailable)
rNeg    + + .      Spirit   .    p - +4 ring mail {Will+}
rPois   ∞          Reflect  .    H - +0 helmet
rElec   +          Harm     .    z - scarf {rC+ rF+}
rCorr   .          Rampage  .    g - +0 pair of gloves
Will    ++...                    r - +0 pair of boots
Stlth   +                        w - amulet of faith
HPRegen 0.29/turn                y - ring of willpower
MPRegen 0.13/turn                u - +4 ring of slaying

@: no status effects
A: sickness immunity, AC +7, negative energy resistance 1, electricity
resistance, torment resistance 1, petrification resistance
a: Renounce Religion


You were on level 8 of the Dungeon.
You worshipped Vehumet.
Vehumet was most pleased with you.
You visited 2 branches of the dungeon, and saw 9 of its levels.

You collected 398 gold pieces.
You spent 55 gold pieces at shops.


Innate Abilities, Weirdness & Mutations

You are immune to sickness and miasma.
Your stone body is resilient. (AC +7)
You are immune to poison.
You resist negative energy. (rN+)
You are resistant to electric shocks. (rElec)
You are resistant to unholy torment.
You are immune to petrification.


   Skills:
 - Level 3.0 Fighting
 - Level 6.0 Armour
 - Level 6.0 Dodging
 - Level 2.1 Stealth
 + Level 2.6 Spellcasting
 - Level 2.0 Conjurations
 - Level 1.0 Transmutations
 - Level 12.0 Earth Magic


You had 8 spell levels left.
You knew the following spells:

 Your Spells              Type           Power      Damage    Failure   Level
x - Stone Arrow           Conj/Erth      58%        3d10      1%          3
z - Sandblast             Erth           96%        2d20      1%          1
N - Passwall              Tmut/Erth      22%        N/A       3%          2

Your spell library contained the following spells:

 Spells                   Type           Power      Damage    Failure   Level
 Inner Flame              Hex/Fire       2%         N/A       21%         3
 Petrify                  Tmut/Erth      27%        N/A       19%         4
 Ozocubu's Armour         Ice            2%         N/A       63%         3
 Vhi's Electric Charge    Tloc/Air       4%         N/A       63%         3
 Arcjolt                  Conj/Air       3%         1d13      75%         5
 Ozocubu's Refrigeration  Ice            1%         4d7       100%        7
 Maxwell's Capacitive Co  Air            1%         ∞         100%        8

Inventory:

Hand Weapons
 l - a +1 dagger of pain
 A - a +0 morningstar
 K - the +1 lajatang of Usoalokk (weapon) {freeze, *Noise rN+ Str+3}

   Str:       It affects your strength (+3).
   rN:        It protects you from negative energy.
   *Noise:    It may make noises in combat.
Armour
 a - a +0 robe
 g - a +0 pair of gloves (worn)
 p - a +4 ring mail of willpower (worn)
 r - a +0 pair of boots (worn)
 s - a +0 kite shield
 z - a scarf of resistance (worn)
 D - the +5 scale mail of Hairiness {+Blink rElec} rElec: It insulates you from electricity. +Blink: It lets you blink.
 H - a +0 helmet (worn)
Jewellery
 u - a +4 ring of slaying (right hand)
 w - an amulet of faith (around neck)
 y - a ring of willpower (left hand)
Wands
 C - a wand of digging (2)
 F - a wand of iceblast (10)
Scrolls
 c - a scroll of blinking {unknown}
 d - 4 scrolls of teleportation {@r4}
 e - 2 scrolls of fog
 i - a scroll of torment {!r}
 k - a scroll of noise {!r}
 m - a scroll of poison {unknown}
 q - 2 scrolls of enchant weapon
 x - 2 scrolls of enchant armour
 B - a scroll of magic mapping
 I - a scroll of amnesia {unknown}
 J - a scroll of identify {@r1}
Potions
 b - a potion of magic
 f - 4 potions of attraction {unknown}
 h - 3 potions of curing {unknown}
 j - 3 potions of brilliance {unknown}
 n - 2 potions of flight {unknown}
 o - 2 potions of heal wounds {unknown}
 t - a potion of resistance {unknown}
 v - 4 potions of haste {unknown}
 E - a potion of berserk rage {unknown}
 G - a potion of cancellation {unknown}

Dungeon Overview and Level Annotations

Branches:
Dungeon (8/15)             Temple (1/1) D:4
   Lair: D:8-11

Altars:
Dithmenos
Elyvilon
Fedhas
Makhleb
Nemelex Xobeh
Okawaru
Qazlal
Sif Muna
Trog
Uskayaw
Vehumet
Wu Jian
Xom

Shops:
D:2 : D:4

? ...........▒ ▒▒▒.▒
...........▒▒▒▒▒▒...▒▒▒
......................▒▒▒▒▒▒▒▒▒▒▒
..........▒▒▒▒▒▒▒▒▒.▒............
▒..)▒▒...▒▒ ▒.▒▒▒▒.▒▒▒▒▒▒▒▒ ▒
▒....▒▒▒ ▒.▒ ▒.▒▒▒▒▒▒ ▒....▒
▒.▒▒▒▒......▒▒ ▒....▒
▒▒▒▒.▒............
▒....▒▒▒▒▒▒▒▒▒8D....▒▒▒▒▒▒▒▒▒..
▒............F.▒▒.....▒
▒....▒▒▒▒▒▒▒▒▒▒▒▒......▒ ▒....▒
▒......▒ ▒....▒ ▒........ ▒....▒
..▒....▒.. ▒▒.▒▒▒▒ ▒.......▒..▒
▒..▒ .......▒▒ .c ▒.▒▒ ▒▒▒▒


You could see an eight-headed hydra and a bullfrog.


Message History

The eight-headed hydra completely misses you.
The eight-headed hydra bites you but does no damage.
The eight-headed hydra barely misses you.
Unknown command.
Unknown command.
The blast of sand hits the eight-headed hydra.
The eight-headed hydra is severely wounded.
The bullfrog hits you but does no damage.
The eight-headed hydra barely misses you.
The eight-headed hydra bites you!
* * * LOW HITPOINT WARNING * * *
The eight-headed hydra closely misses you.
The eight-headed hydra bites you!
* * * LOW HITPOINT WARNING * * *
The eight-headed hydra closely misses you.
The eight-headed hydra bites you!
* * * LOW HITPOINT WARNING * * *
The eight-headed hydra bites you but does no damage.
The eight-headed hydra bites you but does no damage.
The bullfrog misses you.
Unknown command.
Aiming: Iceblast
Aim: an eight-headed hydra (severely wounded) That beam is likely to hit you.
Continue anyway?
The mass of ice explodes!
The iceblast engulfs the eight-headed hydra!
The eight-headed hydra is almost dead.
The iceblast engulfs you. You partially resist.
You die...

Action                     |  1- 3 |  4- 6 |  7- 9 | 10-12 || total
---------------------------+-------+-------+-------+-------++-------
  Melee: Unarmed           |    55 |       |       |       ||    55
         Staff             |     2 |       |       |       ||     2
         Dagger            |    20 |       |       |       ||    20
         Flail             |       |    70 |       |       ||    70
         Punch             |       |     1 |     1 |       ||     2
         Morningstar       |       |    18 |    62 |       ||    80
         Lajatang          |       |       |    18 |     4 ||    22
   Cast: Sandblast         |    36 |    57 |   116 |     1 ||   210
         Stone Arrow       |       |       |     3 |     4 ||     7
    Use: Scroll            |       |     3 |     3 |       ||     6
   Stab: Sleeping          |     2 |       |       |       ||     2
 Armour: Robe              |    32 |       |       |       ||    32
         Ring mail         |     2 |    65 |   187 |    15 ||   269
  Dodge: Dodged            |    73 |    70 |   184 |    14 ||   341

Levels and vault maps discovered:
D:1:      erik_arrival_blinker_ship, layout_loops_corners, minmay_pentomino_w2
D:2:      layout_basic, serial_shops, shop, uniq_terence
D:3:      layout_loops_cross, bloody_makhleb
D:4:      layout_loops_ring, mainiacjoe_overflow_paths,
          minmay_temple_entry_ruins, serial_shops, shop,
          gup_sewer_entry_bubbles, uniq_blork_the_orc
D:5:      layout_basic, nicolae_overflow_hidden_temple, nemelex_altar_shiori,
          nicolae_concentric_dashed_squares_mild, minmay_misc_feat_tower,
          amcnicky_mini_pool_small
D:6:      layout_basic
D:7:      layout_cave_pools, tgw_xom, nicolae_wu_jian_immortal_techniques,
          kennysheep_generic_room_16
D:8:      minmay_curly_fans, layout_rooms, serial_shops, nicolae_shop_crystal,
          kennysheep_potato, uniq_maurice
Temple:   nicolae_temple_god_jail

Notes
Turn   | Place    | Note
-------+----------+-------------------------------------------
     0 | D:1      | sanka the Gargoyle Earth Elementalist began the quest for
                  | the Orb.
     0 | D:1      | Reached XP level 1. HP: 10/10 MP: 3/3
    76 | D:1      | Reached skill level 1 in Transmutations
   342 | D:1      | Reached skill level 4 in Earth Magic
   344 | D:1      | Reached XP level 2. HP: 4/15 MP: 0/5
  1155 | D:2      | Found Foghonne's Book Shoppe.
  1158 | D:2      | Reached XP level 3. HP: 19/19 MP: 3/6
  1161 | D:2      | Learned a level 2 spell: Passwall
  1165 | D:2      | Learned a level 3 spell: Stone Arrow
  1444 | D:2      | Noticed Terence
  1457 | D:2      | Killed Terence
  1458 | D:2      | Reached skill level 1 in Conjurations
  1458 | D:2      | Reached skill level 5 in Earth Magic
  1630 | D:2      | Reached XP level 4. HP: 24/24 MP: 5/7
  2414 | D:3      | Found a burning altar of Makhleb.
  2572 | D:3      | Reached skill level 2 in Conjurations
  2616 | D:3      | Reached skill level 6 in Earth Magic
  2897 | D:3      | Reached XP level 5. HP: 14/28 MP: 3/8
  3195 | D:4      | Found a staircase to the Ecumenical Temple.
  3210 | Temple   | Entered the Ecumenical Temple
  3221 | Temple   | Became a worshipper of Vehumet
  3305 | D:4      | Found a hide-covered altar of Uskayaw.
  3305 | D:4      | Noticed Blork the orc
  3312 | D:4      | Killed Blork the orc
  3313 | D:4      | Reached skill level 7 in Earth Magic
  3313 | D:4      | Reached XP level 6. HP: 19/32 MP: 4/9
  3394 | D:4      | Identified a scarf of resistance
  3414 | D:4      | Found Fagg's Magic Scroll Shoppe.
  3420 | D:4      | Bought a scroll of identify for 22 gold pieces
  3420 | D:4      | Bought a scroll of teleportation for 33 gold pieces
  3484 | D:4      | Reached skill level 8 in Earth Magic
  3918 | D:4      | Reached * piety under Vehumet
  3918 | D:4      | Offered knowledge of Shock by Vehumet.
  4002 | D:4      | Reached skill level 1 in Fighting
  4243 | D:5      | Entered Level 5 of the Dungeon
  4305 | D:5      | Reached skill level 2 in Dodging
  4336 | D:5      | Reached skill level 2 in Fighting
  4336 | D:5      | Reached XP level 7. HP: 34/40 MP: 7/10
  4342 | D:5      | Reached skill level 3 in Fighting
  4342 | D:5      | Reached skill level 3 in Dodging
  4568 | D:5      | Reached skill level 4 in Dodging
  4643 | D:5      | Reached XP level 8. HP: 45/46 MP: 8/11
  4883 | D:5      | Reached skill level 5 in Dodging
  5138 | D:5      | Found a sparkling altar of Nemelex Xobeh.
  5361 | D:5      | Found a white marble altar of Elyvilon.
  5361 | D:5      | Found a bloodstained altar of Trog.
  5362 | D:5      | Found a shimmering blue altar of Sif Muna.
  5564 | D:6      | Identified the +5 scale mail of Hairiness {+Blink rElec}
  5664 | D:6      | Reached skill level 1 in Armour
  5664 | D:6      | Reached skill level 6 in Dodging
  5866 | D:6      | Reached skill level 2 in Armour
  5866 | D:6      | Offered knowledge of Magic Dart by Vehumet.
  5870 | D:6      | Reached ** piety under Vehumet
  5976 | D:6      | Reached skill level 3 in Armour
  6052 | D:6      | Reached skill level 4 in Armour
  6219 | D:7      | Identified the +1 lajatang of Usoalokk {freeze, *Noise rN+
                  | Str+3}
  6223 | D:7      | Reached skill level 5 in Armour
  6228 | D:7      | Reached XP level 9. HP: 50/50 MP: 6/12
  6316 | D:7      | Reached skill level 6 in Armour
  6405 | D:7      | Reached skill level 9 in Earth Magic
  6743 | D:7      | Found a shimmering altar of Xom.
  6804 | D:7      | Found an ornate altar of the Wu Jian Council.
  6893 | D:7      | Reached skill level 10 in Earth Magic
  6893 | D:7      | Noticed a hornet
  6901 | D:7      | Killed a hornet
  6901 | D:7      | Offered knowledge of Inner Flame by Vehumet.
  7021 | D:8      | Reached skill level 11 in Earth Magic
  7163 | D:8      | Reached *** piety under Vehumet
  7206 | D:7      | Reached skill level 12 in Earth Magic
  7275 | D:8      | Reached XP level 10. HP: 56/56 MP: 13/13
  7365 | D:8      | Noticed an eight-headed hydra
  7365 | D:8      | Noticed a centaur warrior
  7377 | D:8      | HP: 2/56 [eight-headed hydra (11)]
  7378 | D:8      | Killed themself with a badly aimed iceblast

Vanquished Creatures
  A hornet (D:7)
  A wyvern (D:8)
  A steam dragon (D:6)
  2 water moccasins
  5 ice beasts
  A black bear (D:7)
  A sky beast (D:7)
  An ogre (D:6)
  2 centaurs
  A phantom (D:5)
  5 bullfrogs
  Blork the orc (D:4)
  A necrophage (D:5)
  3 scorpions
  9 killer bees
  A jelly (D:4)
  3 hounds
  An orc priest (D:3)
  A gnoll bouda (D:8)
  Terence (D:2)
  2 iguanas
  2 orc wizards
  9 gnolls
  2 river rats (D:4)
  6 adders
  2 shadow imps
  2 white imps (D:7)
  An ufetubus (D:4)
  A worm (D:4)
  A dart slug (D:3)
  32 orcs
  5 ball pythons
  5 bats
  7 endoplasms
  4 giant cockroaches
  8 goblins
  9 hobgoblins
  6 kobolds
  3 quokkas
  5 frilled lizards
  2 rats (D:1)
156 creatures vanquished.
